 Dungeon Crawl Stone Soup version 0.20-a0-11-ga97c7b5 (webtiles) character file.

39 poirepourri the Grave Robber (level 3, 14/24 HPs)
             Began as a Mummy Necromancer on Nov 2, 2016.
             Quit the game on level 1 of the Dungeon.
             The game lasted 00:01:58 (1631 turns).

poirepourri the Grave Robber (Mummy Necromancer)    Turns: 1631, Time: 00:01:59

Health: 14/24      AC:  2    Str: 11    XL:     3   Next: 28%
Magic:  1/6        EV: 12    Int: 15    God:
Gold:   20         SH:  0    Dex: 12    Spells: 3 memorised, 2 levels left

rFire  x . .     SeeInvis .     c - +0 short sword
rCold  + . .     Gourm    .     a - +0 robe
rNeg   + + +     Faith    .     (no shield)
rPois  ∞         Spirit   .     (no helmet)
rElec  .         Reflect  .     (no cloak)
rCorr  .         Harm     .     (no gloves)
MR     .....                    (no boots)
Stlth  ++........               (no amulet)
                                (no ring)
                                (no ring)

@: very slightly contaminated
A: no food or potions, fire vulnerability, cold resistance 1, negative energy
resistance 3, torment resistance, unbreathing
a: no special abilities


You were on level 1 of the Dungeon.
You were not hungry.

You visited 1 branch of the dungeon, and saw 1 of its levels.

You collected 20 gold pieces.

Inventory:

Hand Weapons
 c - a +0 short sword (weapon)
Armour
 a - a +0 robe (worn)
Scrolls
 d - a scroll of teleportation {unknown}
 e - a scroll of fog {unknown}
Books
 b - a book of Necromancy

   Spells                             Type                      Level
   a - Pain                           Necromancy                   1
   b - Animate Skeleton               Necromancy                   1
   c - Vampiric Draining              Necromancy                   3
   d - Regeneration                   Charms/Necromancy            3
   e - Animate Dead                   Necromancy                   4
   f - Control Undead                 Necromancy                   4


   Skills:
 + Level 0.2 Fighting
 + Level 0.4 Short Blades
 + Level 1.6 Dodging
 - Level 1.6 Stealth
 * Level 2.5 Spellcasting
 + Level 4.5 Necromancy


You had 2 spell levels left.
You knew the following spells:

 Your Spells              Type           Power        Failure   Level  Hunger
a - Pain                  Necr           ###.         3%          1    N/A
b - Animate Skeleton      Necr           N/A          3%          1    N/A
c - Vampiric Draining     Necr           ###.......   12%         3    N/A

Dungeon Overview and Level Annotations

Branches:
Dungeon (1/15)

Altars:


Innate Abilities, Weirdness & Mutations

You do not eat or drink.
Your flesh is vulnerable to fire.
You are immune to poison.
Your flesh is cold resistant. (rC+)
You are immune to negative energy. (rN+++)
You are immune to unholy pain and torment.
You can survive without breathing.


Message History

You closely miss the goblin. The goblin hits you but does no damage.
You hit the goblin.
The goblin is moderately wounded.
The goblin barely misses you.
You closely miss the goblin.
The goblin is moderately wounded.
The goblin hits you with a dagger.
You closely miss the goblin.
The goblin is moderately wounded.
The goblin barely misses you.
You closely miss the goblin.
The goblin is moderately wounded.
The goblin hits you with a dagger.
You closely miss the goblin.
The goblin is moderately wounded.
The goblin hits you with a dagger.
You miss the goblin.
The goblin is moderately wounded.
The goblin closely misses you.
Are you sure you want to abandon this character and quit the game? (Confirm with "yes".)

# ..#####.## #
#.......# #
#.......# #
#.......# #
#.....†.# #
#...)...# ######
#.......#
.....###########g##
####.##......# #@#
#.##......###.# #
#.##.....!#...#
####.##......#.###
.........>.....#
.###...>#.######
.###....#.#
..##....#.###
..####+##.#.#


You could see a goblin.

Vanquished Creatures
  A dart slug (D:1)
  A ball python (D:1)
  5 bats (D:1)
  4 giant cockroaches (D:1)
  3 goblins (D:1)
  4 hobgoblins (D:1)
  7 jackals (D:1)
  A frilled lizard (D:1)
  3 kobolds (D:1)
  2 rats (D:1)
31 creatures vanquished.

Notes
Turn   | Place    | Note
-------+----------+-------------------------------------------
     0 | D:1      | poirepourri the Mummy Necromancer began the quest for the Orb.
     0 | D:1      | Reached XP level 1. HP: 13/13 MP: 3/3
   699 | D:1      | Reached XP level 2. HP: 18/19 MP: 1/5
   733 | D:1      | Learned a level 1 spell: Animate Skeleton
  1122 | D:1      | Reached XP level 3. HP: 23/24 MP: 0/6
  1181 | D:1      | Learned a level 3 spell: Vampiric Draining
  1631 | D:1      | Quit the game

Vault maps used:
D:1:      minmay_arrival_pointy

Action                   || total
-------------------------++-------
Melee: Unarmed           ||     6
       Short sword       ||    26
 Cast: Pain              ||    49
Armor: Robe              ||    16
Dodge: Dodged            ||    42
